AoeStats
← Simple Jack, u mad?

Black Forest

507031177Analyzed
4v4 RM · 17d ago on Sep 16, 2026· 17m 35s· 8 players
Game mode
Random Map
Map size
Large (8 player)
Population
200
Speed
Normal
Resources
Standard
Victory
Conquest
Starting age
Dark Age
Ending age
Imperial Age
RankedLock teamsTeams togetherTeam positionsShared explorationLock speedFull tech treeHidden civsTurbo modeCheats
Victory
Defeat
🇸🇪 Koreans · Sweden
1563
+14
🇸🇪 Bohemians · Sweden
1543
+15
🇯🇵 Magyars · Japan
1542
+15
🇺🇸 Mongols · United States
1506
+16
🇨🇳 Italians · China
1601
-19
🇻🇳 Persians · Vietnam
1522
-15
🇨🇳 Goths · China
1486
-14
🇫🇮 Muisca · Finland
1442
-12
Snitzelyd
4:55 Loom
10:47 Feudal Age
14:31 Castle Age
12:31 Double-Bit Axe
12:59 Horse Collar
14:14 Loom
deev
8:47 Feudal Age
8:55 Man-at-Arms
9:24 Arson
9:27 Man-at-Arms
9:54 Double-Bit Axe
13:05 Fletching
17:48 Wheelbarrow
Simple Jack, u mad?
6:40 Loom
11:18 Feudal Age
15:10 Castle Age
14:00 Double-Bit Axe
16:55 Fervor
god comic
1:21 Loom
13:54 Feudal Age
17:44 Castle Age
16:13 Double-Bit Axe
timembh
8:50 Loom
12:54 Feudal Age
13:56 Double-Bit Axe
16:26 Castle Age
14:28 Horse Collar
7777777
0:30 Loom
11:52 Feudal Age
[David]Dreamer
0:40 Loom
14:33 Feudal Age
14:39 Feudal Age
16:08 Town Watch
19:05 Castle Age
17:35 Double-Bit Axe
17:30 Horse Collar
18:10 Forging
-GNG-Tenma
9:45 Feudal Age
10:51 Double-Bit Axe
13:18 Castle Age
14:23 Bow Saw
14:29 Horse Collar
Connection lost

Rejoining the realm…

Still unreachable

The connection could not be restored.

Session expired

The server has moved on; the page needs a fresh start.